AoeStats
← edwradedward

Arena

509964542Analyzed
1v1 RM · 5d ago on Sep 28, 2026· 41m 12s· 2 players
Game mode
Random Map
Map size
Tiny (2 player)
Population
200
Speed
Normal
Resources
Standard
Victory
Conquest
Starting age
Dark Age
Ending age
Imperial Age
RankedLock teamsTeams togetherTeam positionsShared explorationLock speedFull tech treeHidden civsTurbo modeCheats
Victory
Defeat
🇨🇷 Mapuche · Costa Rica
979
+17
🇲🇽 Portuguese · Mexico
993
-17
AndymaCR23
11:30 Feudal Age
9:46 Loom
17:17 Castle Age
30:22 Imperial Age
27:30 Elite Skirmisher
27:52 Horse Collar
27:57 Double-Bit Axe
27:33 Pikeman
29:20 Wheelbarrow
30:21 Hand Cart
33:33 Bow Saw
34:59 Ballistics
37:07 Chemistry
36:51 Malon
37:36 Conscription
38:07 Fletching
38:18 Padded Archer Armor
41:58 Leather Archer Armor
41:40 Bodkin Arrow
edwradedward
11:12 Feudal Age
15:30 Castle Age
13:46 Horse Collar
13:54 Double-Bit Axe
16:23 Wheelbarrow
16:49 Town Watch
17:20 Bow Saw
21:40 Gold Mining
22:55 Pikeman
24:14 Heavy Plow
31:57 Imperial Age
30:53 Stone Mining
31:05 Fletching
31:26 Forging
31:17 Scale Mail Armor
33:48 Chemistry
32:59 Masonry
34:16 Town Patrol
34:15 Bodkin Arrow
34:56 Iron Casting
38:09 Scale Barding Armor
39:23 Elite Skirmisher
40:32 Padded Archer Armor
40:32 Bracer
41:33 Blast Furnace
40:48 Chain Mail Armor
40:54 Chain Barding Armor
41:18 Conscription
Connection lost

Rejoining the realm…

Still unreachable

The connection could not be restored.

Session expired

The server has moved on; the page needs a fresh start.